Map: Terraform LE (Void)

Players

RelphKING

  • Race: Zerg Zerg
  • League: Platinum

THEDOGGGGGGG

  • Race: Zerg Zerg
  • League: Platinum

MoonLjth - Winner!

  • Race: Protoss Protoss
  • League: Grandmaster

iQuitBYE - Winner!

  • Race: Protoss Protoss
  • League: Grandmaster

VOD

Have the link to the VOD?

Description

Time

  • Played on: Oct. 3, 2015, 3:56 p.m.
  • Length: 7:37
Show
View Real Time Build Order
Export as new Build Order

RelphKING Zerg 

Build Orders: Hatch First 

Get SALT Encoding   

  12  0:01  Drone  
  13  0:13  Overlord  
  13  0:17  Drone  
  14  0:31  Drone x2  
  16  0:35  Drone  
  18  1:04  Drone  
  18  1:20  Hatchery  
  18  1:21  Drone, Spawning Pool  
  18  1:22  Drone  
  18  1:25  Extractor  
  18  1:28  Drone  
  18  1:37  Drone  
  19  1:47  Overlord  
  19  2:02  Drone  
  20  2:09  Extractor  
  20  2:11  Drone  
  20  2:12  Queen  
  22  2:16  Zergling x2  
  24  2:26  Drone  
  25  2:36  Metabolic Boost  
  25  2:38  Queen  
  25  2:41  Drone, Zergling x2  
  29  2:48  Queen  
  29  2:49  Zergling x2  
  29  2:50  Drone  
  33  2:57  Overlord  
  33  3:02  Drone  
  33  3:14  Drone x2  
  33  3:19  Queen  
  37  3:21  Drone x2  
  37  3:24  Lair  
  39  3:31  Zergling x8  
  42  3:45  Spine Crawler  
  40  3:54  Drone  
  41  3:59  Drone x3  
  41  4:00  Overlord  
  43  4:09  Overlord  
  43  4:16  Overlord  
  43  4:18  Queen  
  44  4:25  Queen  
  44  4:26  Nydus Network  
  45  4:44  Nydus Network  
  43  4:47  Zergling x2  
  43  4:48  Zergling x12  
  49  4:54  Queen  
  49  4:58  Zergling x2  
  49  4:59  Zergling x8  
  55  5:08  Zergling x2  
  56  5:15  Queen  
  58  5:25  Overseer  
  58  5:28  Zergling x2  
  59  5:29  Queen, Zergling x14  
  68  5:42  Nydus Canal  
  68  5:44  Overlord  
  68  5:57  Overlord  
  68  6:02  Queen  
  69  6:10  Spine Crawler, Zergling x4  
  69  6:11  Spine Crawler  
  66  6:19  Spine Crawler x2  
  66  6:21  Spine Crawler, Zergling x6  
  66  6:22  Zergling x2  
  61  6:38  Zergling x2  
  61  6:39  Zergling x10  
  62  6:46  Spine Crawler  
  39  7:08  Drone x3  
  39  7:20  Zergling x2  
  38  7:23  Drone  
Show
View Real Time Build Order
Export as new Build Order

THEDOGGGGGGG Zerg 

Build Orders:  

Get SALT Encoding   

  12  0:02  Probe (Chrono Boost)  
  13  0:14  Pylon  
  13  0:18  Probe (Chrono Boost)  
  14  0:29  Probe (Chrono Boost)  
  15  0:38  Gateway  
  15  0:40  Probe (Chrono Boost)  
  16  0:46  Assimilator  
  16  0:50  Probe (Chrono Boost)  
  17  0:58  Pylon  
  17  1:02  Probe (Chrono Boost)  
  18  1:15  Probe (Chrono Boost)  
  19  1:25  Cybernetics Core  
  19  1:27  Probe (Chrono Boost)  
  20  1:37  Probe (Chrono Boost)  
  23  1:53  Probe (Chrono Boost)  
  24  1:55  Assimilator  
  24  2:01  Warp Gate  
  24  2:03  Probe (Chrono Boost)  
  23  2:12  Nexus  
  23  2:14  Probe (Chrono Boost)  
  24  2:26  Adept  
  24  2:27  Mothership Core (Chrono Boost)  
  28  2:36  Pylon  
  28  2:45  Probe (Chrono Boost)  
  29  2:56  Probe (Chrono Boost)  
  30  3:06  Probe (Chrono Boost)  
  30  3:07  Robotics Facility  
  31  3:20  Pylon  
  31  3:23  Sentry, Probe (Chrono Boost)  
  35  3:34  Probe (Chrono Boost)  
  35  3:35  Probe (Chrono Boost)  
  36  3:45  Probe x2 (Chrono Boost)  
  38  3:55  Probe (Chrono Boost)  
  39  3:56  Probe (Chrono Boost)  
  40  4:06  Probe x2 (Chrono Boost)  
  40  4:08  Gateway  
  40  4:09  Gateway  
  42  4:10  Immortal  
  42  4:11  Pylon  
  48  4:17  Probe (Chrono Boost)  
  48  4:18  Probe (Chrono Boost)  
  46  4:27  Probe (Chrono Boost)  
  47  4:32  Probe (Chrono Boost)  
  47  4:37  Gateway  
  47  4:38  Probe (Chrono Boost)  
  48  4:39  Gateway  
  48  4:42  Adept  
  48  4:45  Probe (Chrono Boost)  
  51  4:49  Probe (Chrono Boost)  
  51  4:50  Immortal  
  50  4:57  Probe (Chrono Boost)  
  54  5:01  Probe (Chrono Boost)  
  54  5:04  Gateway  
  54  5:05  Sentry  
  57  5:08  Sentry  
  57  5:09  Sentry  
  61  5:15  Pylon  
  61  5:23  Pylon  
  61  5:28  Gateway, Warp Prism  
  61  5:35  Adept x3  
  69  5:44  Pylon  
  69  5:51  Adept  
  69  5:52  Adept  
  74  5:57  Probe (Chrono Boost)  
  74  5:58  Probe (Chrono Boost), Pylon  
  75  6:06  Stalker  
  75  6:07  Stalker x3  
  83  6:17  Assimilator  
  83  6:19  Mothership Core (Chrono Boost)  
  83  6:22  Pylon  
  83  6:27  Stalker  
  83  6:30  Adept x3  
  78  6:40  Adept x2  
  78  6:46  Adept  
  84  6:59  Stalker  
  84  7:00  Probe (Chrono Boost)  
  83  7:02  Zealot  
  83  7:03  Zealot x4  
  83  7:04  Probe (Chrono Boost)  
  83  7:08  Assimilator  
  76  7:15  Zealot  
  70  7:24  Zealot x3  
  70  7:25  Zealot x2  
  79  7:34  Zealot  
Show
View Real Time Build Order
Export as new Build Order

MoonLjth Protoss - Winner!

Build Orders:  

Get SALT Encoding   

Show
View Real Time Build Order
Export as new Build Order

iQuitBYE Protoss - Winner!

Build Orders:  

Get SALT Encoding   

Tags
 
Add a new tag
Caveats
  • Supply blocks, unpowered buildings, or Contaminate may cause inaccurate times.
  • Supply counts are checked every 10 seconds.